Workbook

Sheet Gestão de Risco
A1: Processo nº 0044.015726.00054/2024-63
A2: ITEM DE VERIFICAÇÃO | B2: PONTOS CRÍTICOS | C2: RISCOS | D2: PROBABILIDADES | F2: CONSEQUÊNCIAS | H2: NÍVEL DE RISCO | I2: AÇÕES SUGERIDAS | J2: AÇÕES DE CONTINGÊNCIA | K2: OBSERVAÇÕES
C3: Entrega dos materiais em local errado. | D3: Rara | E3: =IF(D3="raríssima",0.1,IF(D3="rara",0.35,IF(D3="eventual",0.75,IF(D3="frequente",1,0)))) -> 0.35 | F3: Pouco relevante | G3: =IF(F3="irrelevante",10,IF(F3="Pouco relevante",20,IF(F3="Relevante",50,IF(F3="Muito relevante",100)))) -> 20 | H3: =IF(E3*G3<=3.5,"Insignificante",IF(E3*G3<=7,"Baixo",IF(E3*G3<=17.5,"Médio",IF(E3*G3<=35,"Alto",IF(E3*G3>35,"Extremo","Erro"))))) -> Baixo | I3: Revisão das informações enviadas para empresa. | J3: Redirecionamento a entrega do local correto. | K3: O gestor do contrato pode solicitar que a contratada, antes de efetivar a entrega, entre em contato via telefone para confirmar o local.
C4: Atraso na entrega do material. | D4: Frequente | E4: =IF(D4="raríssima",0.1,IF(D4="rara",0.35,IF(D4="eventual",0.75,IF(D4="frequente",1,0)))) -> 1 | F4: Pouco relevante | G4: =IF(F4="irrelevante",10,IF(F4="Pouco relevante",20,IF(F4="Relevante",50,IF(F4="Muito relevante",100)))) -> 20 | H4: =IF(E4*G4<=3.5,"Insignificante",IF(E4*G4<=7,"Baixo",IF(E4*G4<=17.5,"Médio",IF(E4*G4<=35,"Alto",IF(E4*G4>35,"Extremo","Erro"))))) -> Alto | I4: Incluir cláusulas contratuais de penalidade por atraso injustificado. | J4: Ampliar o prazo contratual com uma margem de segurança. | K4: Buscar fornecedores alternativos (ter o plano B).
C5: Ineficiência na comunicação entre os atores envolvidos. | D5: Eventual | E5: =IF(D5="raríssima",0.1,IF(D5="rara",0.35,IF(D5="eventual",0.75,IF(D5="frequente",1,0)))) -> 0.75 | F5: Irrelevante | G5: =IF(F5="irrelevante",10,IF(F5="Pouco relevante",20,IF(F5="Relevante",50,IF(F5="Muito relevante",100)))) -> 10 | H5: =IF(E5*G5<=3.5,"Insignificante",IF(E5*G5<=7,"Baixo",IF(E5*G5<=17.5,"Médio",IF(E5*G5<=35,"Alto",IF(E5*G5>35,"Extremo","Erro"))))) -> Médio | I5: Priorização do atendimento às demandas de contratação pelos gestores. Adotar a realização da reunião inicial da Equipe de Planejamento da Contratação a cada contratação como boa prática. | J5: Estabelecer urgência no atendimento às demandas de contratação pelos gestores. Marcar reunião da Equipe de Planejamento da Contratação e gestor da área demandante para resolução.
C6: Não identificação de solução que atenda a demanda. | D6: Raríssima | E6: =IF(D6="raríssima",0.1,IF(D6="rara",0.35,IF(D6="eventual",0.75,IF(D6="frequente",1,0)))) -> 0.1 | F6: Muito relevante | G6: =IF(F6="irrelevante",10,IF(F6="Pouco relevante",20,IF(F6="Relevante",50,IF(F6="Muito relevante",100)))) -> 100 | H6: =IF(E6*G6<=3.5,"Insignificante",IF(E6*G6<=7,"Baixo",IF(E6*G6<=17.5,"Médio",IF(E6*G6<=35,"Alto",IF(E6*G6>35,"Extremo","Erro"))))) -> Médio | I6: Capacitar as equipes em busca das melhores soluções e elaborar estudos aprofundados. | J6: Propor a confecção de termo aditivo contratual; reunião de alinhamento com fiscais, gestores e contratada. | K6: Interrupção da prestação dos serviços; solução a ser desenvolvida internamente ou em parceria com outros órgãos ou entidades.
C7: Atraso no pagamento à contratada. | D7: Raríssima | E7: =IF(D7="raríssima",0.1,IF(D7="rara",0.35,IF(D7="eventual",0.75,IF(D7="frequente",1,0)))) -> 0.1 | F7: Muito relevante | G7: =IF(F7="irrelevante",10,IF(F7="Pouco relevante",20,IF(F7="Relevante",50,IF(F7="Muito relevante",100)))) -> 100 | H7: =IF(E7*G7<=3.5,"Insignificante",IF(E7*G7<=7,"Baixo",IF(E7*G7<=17.5,"Médio",IF(E7*G7<=35,"Alto",IF(E7*G7>35,"Extremo","Erro"))))) -> Médio | I7: Adoção de ordem cronológica de pagamento. | J7: Atuação do gestor junto à área de orçamento e finanças. | K7: Uma da causa principais é instrução do processo insuficiente em razão do não envio dos documentos necessários para realização da fiscalização.
C8: Interrupção do contrato. | D8: Rara | E8: =IF(D8="raríssima",0.1,IF(D8="rara",0.35,IF(D8="eventual",0.75,IF(D8="frequente",1,0)))) -> 0.35 | F8: Muito relevante | G8: =IF(F8="irrelevante",10,IF(F8="Pouco relevante",20,IF(F8="Relevante",50,IF(F8="Muito relevante",100)))) -> 100 | H8: =IF(E8*G8<=3.5,"Insignificante",IF(E8*G8<=7,"Baixo",IF(E8*G8<=17.5,"Médio",IF(E8*G8<=35,"Alto",IF(E8*G8>35,"Extremo","Erro"))))) -> Alto | I8: Notificação do departamento responsável à unidade gestora com antecedência necessárias, quando ao fim da vigência contratual; monitoramento do PCA. | J8: Nova contratação; contratação emergencial; contratação remanescente. | K8: Prejuízo ao erário; rescisão por inexecução; prejuízo por contratação emergencial; interrupção ou descontinuidade.

Sheet Risco Alto e Extremo
A1: AQUISIÇÃO EMERGENCIAL DE EQUIPAMENTOS PARA PROTEÇÃO INDIVIDUAL
A2: ITEM DE VERIFICAÇÃO | B2: PONTOS CRÍTICOS | C2: RISCOS | D2: PROBABILIDADES | E2: CONSEQUÊNCIAS | F2: NÍVEL DE RISCO | G2: SÍMBOLO | H2: AÇÕES SUGERIDAS | I2: AÇÕES DE CONTINGÊNCIA | J2: OBSERVAÇÕES
A4: MOTIVAÇÃO | B4: 1) Objeto não usualmente contratado pelo órgão - Q 2 | C4: 1.1) Contratação de materiais que já são objetos de contratos existentes ou atas vigentes no órgão | D4: Raríssima | E4: Relevante | F4: Baixo | H4: Pesquisa no âmbito do órgão sobre a existência de contratos existentes, atas vigentes ou a instrução de processos acerca do mesmo objeto | I4: Verificar se o contrato ou ata se adequa à necessidade da demanda, bem como eventuais possibilidades de supressão, acréscimo ou mesmo rescisão do instrumento
C5: 1.2) Objeto não apresentar a especificação adequada | D5: Rara | E5: Relevante | F5: Médio | H5: Consultar processos de contratação semelhantes; buscar apoio técnico especializado referente ao tipo de objeto | I5: Proceder à retificação do objeto em termos quantitativos e/ou qualitativos no edital ou termo de refência. No caso da sua impossibildiade, suspender o processo de contratação ou verificar eventual possibilidade de rescisão
C6: 1.3) Termo de Referência não traduzir a real necessidade | D6: Raríssima | E6: Pouco relevante | F6: Insignificante | H6: Realizar análise aprofundada da demanda e, se for o caso, solicitar apoio a órgãos que tenham domínio da temática, por meio de estudos técnicos e apresentação de dados quantitativos/estatísticos. | I6: Analisar a demanda propondo ajustes e readequações a partir de estudos técnicos. Fazer acompanhamento da evolução dos números e das necessidades da demanda. Proceder à eventuais supressões, acréscimos, rescisão contratual ou mesmo à submissão de novo procedimento de contratação.
C7: 1.4) Ausência de estudo técnico aprofundado sobre a demanda | D7: Eventual | E7: Pouco relevante | F7: Médio
B8: 2) Interlocução com a União e municípios - Q 4 | C8: 2.1) Sobreposição de aquisições com compras de outros órgãos e municípios | D8: Raríssima | E8: Pouco relevante | F8: Insignificante
C9: 2.2) Quantitativos subestimados ou superestimados | D9: Eventual | E9: Relevante | F9: Alto
C10: 2.3) Estratégia de compra não atender às reais necessidades dos destinatários | D10: Rara | E10: Relevante | F10: Médio
A12: IDENTIFICAÇÃO DA DEMANDA, PREÇO E QUANTIDADE | B12: 3) Critérios e parâmetros para a definição de quantitativos - Q 5,6,7 | C12: 3.1) Ausência de definição de critério para estabelecer os quantitativos | D12: Eventual | E12: Pouco relevante | F12: Médio | H12: Estabeler de critérios para o definição de quantitativos, por meio de dados históricos de demandas, contratações e estudos técnicos. | I12: Adoção de medidas cabíveis para providenciar nova contratação com os ajustes necessários de estabelecimentos de critérios técnicos.
C13: 3.2) Quantitativo insuficiente ao atendimento da demanda | D13: Eventual | E13: Relevante | F13: Alto | I13: Readequar os critérios de destinação da demanda, verificando a necessidade do planejamento de um novo processo de contratação.
C14: 3.3) Necessidade de novas contratações com valor superior | D14: Rara | E14: Relevante | F14: Médio | I14: Planejar novo procedimento de contratação adequado às melhores práticas, dando conhecimento a alta administração visando ao aperfeiçoamento, melhoria dos processos e eventual apuração de responsabilidades.
B15: 4) Compatibilidade com preços de mercado - Q 9,10,11 | C15: 4.1) Prática de sobrepreços decorrentes da alta demanda do material no contexto da pandemia | D15: Frequente | E15: Relevante | F15: Extremo | H15: Realziar pesquisa de mercado e tentar negociar com fornecedor os preços praticados. | I15: Dar conhecimento a alta administração e órgãos de controle visando à eventual apuração de responsabilidades.
C16: 4.2) Manipulação de preços por empresas, visando aumentar o valor a ser contratado | D16: Eventual | E16: Relevante | F16: Alto | H16: Formalizar todas as negociações realizadas com fornecedor e utilizar canais de comunicações oficiais. Incluir os documentos comprobatórios no processo de compras.
C17: 4.3) Conduta inapropriada de fornecedor na hora de negociar os preços e condições da proposta | D17: Rara | E17: Pouco relevante | F17: Baixo
B19: 5) Definição das instituições hospitalares ou municípios beneficiados - Q 14 | C19: 5.1) Ausência de definição das instituições ou municípios beneficiadas devido à falta planejamento prévio | D19: Rara | E19: Pouco relevante | F19: Baixo | H19: Estabelecimento de critérios e definição das instituições/ municípios beneficiados para recebimento dos equipamentos, acompanhado de estudo técnico ou diretriz para atendimento, incluindo essas informações nos autos. | I19: Providenciar análise aprofundada, estudo técnico e/ou apoio especializado de autoridades ou outros órgãos para definição tempestiva.
C20: 5.2) Atendimento intempestivo das demandas pela falta de critério | D20: Rara | E20: Relevante | F20: Médio | I20: Readequação da demanda e análise quanto à eventual apuração de responsabildiades.
C21: 5.3) Distribuição desequilibrada dos itens em relação à demanda | D21: Rara | E21: Pouco relevante | F21: Baixo | I21: Readequação da demanda e providências quanto ao planejamento de um novo processo de contratação.
B22: 6) Parâmetros para a distribuição do objeto - Q 15 | C22: 6.1) Instituições com alta necessidade de demanda não sendo beneficiadas | D22: Rara | E22: Relevante | F22: Médio
A24: LOGÍSTICA DE EXECUÇÃO CONTRATUAL | B24: 7) Logística de distribuição do objeto contratado - Q 17 | C24: 7.1) Atraso na entrega aos beneficiados dada a centralização no galpão da Coordenadoria da Defesa Civil | D24: Rara | E24: Relevante | F24: Médio | H24: Estabelecer estratégia logística de entrega e/ou retirada dos equipamentos por parte dos beneficiados. | I24: Readequação da demanda e definir estratégias alternativas de distribuição
C25: 7.2) Disponibilização intempestiva dos itens (após o pico de necessidade) | D25: Rara | E25: Muito relevante | F25: Alto
B26: 8) Prazo de entrega do objeto - Q 18 | C26: 8.1) Ausência de entrega dos itens contratados | D26: Rara | E26: Muito relevante | F26: Alto | H26: Prever no instrumento convocatório garantias ou cautelas por parte da administração, resguardando o recebimento do objeto, e previsão de aplciação de sanções administrativas para o caso do seu eventual descumprimento. | I26: Notificar a contratada quanto às irregularidades identificadas, fixando prazo para que o fornecedor promova a reparação, correção, substituição ou entrega imediata do equipamento, sem prejuízo a eventuais responsabilizações tendo como referência as sanções previstas no Termo de Referência.
C27: 8.2) Atraso do fornecedor na entrega da demanda | D27: Eventual | E27: Relevante | F27: Alto
C28: 8.3) Indisponibilidade do item quando da entrega | D28: Rara | E28: Muito relevante | F28: Alto
B29: 9) Acompanhamento da entrega de materiais - Q 20 | C29: 9.1) Entrega dos equipamentos fora das especificações definidas | D29: Eventual | E29: Pouco relevante | F29: Médio | H29: Definir estratégia de recebimento e conferência dos equipamentos.
C30: 9.2) Entrega dos equipamentos em quantitativos inferiores ao demandado | D30: Rara | E30: Relevante | F30: Médio
C31: 9.3) Ausência de estrutura logística para realizar o acompanhamento das entregas | D31: Rara | E31: Pouco relevante | F31: Baixo | H31: Definição prévia dos responsáveis pelo recebimento e conferência dos equipamentos, bem como preparação do espaço para estoque da entrega | I31: Adoção de medidas por parte do gestor e fiscal do contrato, tendo conhecimento de irregularidades, não se abster de comunicar à chefia imediata para a adoção de providências

Sheet Outros Riscos
A1: AQUISIÇÃO EMERGENCIAL DE EQUIPAMENTOS PARA PROTEÇÃO INDIVIDUAL
A2: ITEM DE VERIFICAÇÃO | B2: PONTOS CRÍTICOS | C2: RISCOS | D2: PROBABILIDADES | E2: CONSEQUÊNCIAS | F2: NÍVEL DE RISCO | G2: SÍMBOLO | H2: AÇÕES SUGERIDAS | I2: AÇÕES DE CONTINGÊNCIA | J2: OBSERVAÇÕES
A4: MOTIVAÇÃO | B4: 1) Objeto não usualmente contratado pelo órgão - Q 2 | C4: 1.1) Contratação de materiais que já são objetos de contratos existentes ou atas vigentes no órgão | D4: Raríssima | E4: Relevante | F4: Baixo | H4: Pesquisa no âmbito do órgão sobre a existência de contratos existentes, atas vigentes ou a instrução de processos acerca do mesmo objeto | I4: Verificar se o contrato ou ata se adequa à necessidade da demanda, bem como eventuais possibilidades de supressão, acréscimo ou mesmo rescisão do instrumento
C5: 1.2) Objeto não apresentar a especificação adequada | D5: Rara | E5: Relevante | F5: Médio | H5: Consultar processos de contratação semelhantes; buscar apoio técnico especializado referente ao tipo de objeto | I5: Proceder à retificação do objeto em termos quantitativos e/ou qualitativos no edital ou termo de refência. No caso da sua impossibildiade, suspender o processo de contratação ou verificar eventual possibilidade de rescisão
C6: 1.3) Termo de Referência não traduzir a real necessidade | D6: Raríssima | E6: Pouco relevante | F6: Insignificante | H6: Realizar análise aprofundada da demanda e, se for o caso, solicitar apoio a órgãos que tenham domínio da temática, por meio de estudos técnicos e apresentação de dados quantitativos/estatísticos | I6: Analisar a demanda propondo ajustes e readequações a partir de estudos técnicos. Fazer acompanhamento da evolução dos números e das necessidades da demanda. Proceder à eventuais supressões, acréscimos, rescisão contratual ou mesmo à submissão de novo procedimento de contratação.
C7: 1.4) Ausência de estudo técnico aprofundado sobre a demanda | D7: Eventual | E7: Pouco relevante | F7: Médio
B8: 2) Interlocução com a União e municípios - Q 4 | C8: 2.1) Sobreposição de aquisições com compras de outros órgãos e municípios | D8: Raríssima | E8: Pouco relevante | F8: Médio
C9: 2.2) Quantitativos subestimados ou superestimados | D9: Eventual | E9: Relevante | F9: Alto
C10: 2.3) Estratégia de compra não atender às reais necessidades dos destinatários | D10: Rara | E10: Relevante | F10: Médio
A11: IDENTIFICAÇÃO DA DEMANDA, PREÇO E QUANTIDADE | B11: 3) Critérios e parâmetros para a definição de quantitativos - Q 5,6,7 | C11: 3.1) Ausência de definição de critério para estabelecer os quantitativos | D11: Eventual | E11: Pouco relevante | F11: Médio | H11: Estabeler de critérios para o definição de quantitativos, por meio de dados históricos de demandas, contratações e estudos técnicos. | I11: Adoção de medidas cabíveis para providenciar nova contratação com os ajustes necessários de estabelecimentos de critérios técnicos.
C12: 3.2) Quantitativo insuficiente ao atendimento da demanda | D12: Eventual | E12: Relevante | F12: Alto | I12: Readequar os critérios de destinação da demanda, verificando a necessidade do planejamento de um novo processo de contratação.
C13: 3.3) Necessidade de novas contratações com valor superior | D13: Rara | E13: Relevante | F13: Médio | I13: Planejar novo procedimento de contratação adequado às melhores práticas, dando conhecimento a alta administração visando ao aperfeiçoamento, melhoria dos processos e eventual apuração de responsabilidades.
B14: 4) Compatibilidade com preços de mercado - Q 9,10,11 | C14: 4.1) Prática de sobrepreços decorrentes da alta demanda do material no contexto da pandemia | D14: Frequente | E14: Relevante | F14: Extremo | H14: Realziar pesquisa de mercado e tentar negociar com fornecedor os preços praticados. | I14: Dar conhecimento a alta administração e órgãos de controle visando à eventual apuração de responsabilidades.
C15: 4.2) Manipulação de preços por empresas, visando aumentar o valor a ser contratado | D15: Eventual | E15: Relevante | F15: Alto | H15: Formalizar todas as negociações realizadas com fornecedor e utilizar canais de comunicações oficiais. Incluir os documentos comprobatórios no processo de compras.
C16: 4.3) Conduta inapropriada de fornecedor na hora de negociar os preços e condições da proposta | D16: Rara | E16: Pouco relevante | F16: Baixo
B18: 5) Definição das instituições hospitalares ou municípios beneficiados - Q 14 | C18: 5.1) Ausência de definição das instituições ou municípios beneficiadas devido à falta planejamento prévio | D18: Rara | E18: Pouco relevante | F18: Baixo | H18: Estabelecimento de critérios e definição das instituições/ municípios beneficiados para recebimento dos equipamentos, acompanhado de estudo técnico ou diretriz para atendimento, incluindo essas informações nos autos. | I18: Providenciar análise aprofundada, estudo técnico e/ou apoio especializado de autoridades ou outros órgãos para definição tempestiva.
C19: 5.2) Atendimento intempestivo das demandas pela falta de critério | D19: Rara | E19: Relevante | F19: Médio | I19: Readequação da demanda e análise quanto à eventual apuração de responsabildiades.
C20: 5.3) Distribuição desequilibrada dos itens em relação à demanda | D20: Rara | E20: Pouco relevante | F20: Baixo | I20: Readequação da demanda e providências quanto ao planejamento de um novo processo de contratação.
B21: 6) Parâmetros para a distribuição do objeto - Q 15 | C21: 6.1) Instituições com alta necessidade de demanda não sendo beneficiadas | D21: Rara | E21: Relevante | F21: Médio
A23: LOGÍSTICA DE EXECUÇÃO CONTRATUAL | B23: 7) Logística de distribuição do objeto contratado - Q 17 | C23: 7.1) Atraso na entrega aos beneficiados dada a centralização no galpão da Coordenadoria da Defesa Civil | D23: Rara | E23: Relevante | F23: Médio | H23: Estabelecer estratégia logística de entrega e/ou retirada dos equipamentos por parte dos beneficiados | I23: Readequação da demanda e definir estratégias alternativas de distribuição
C24: 7.2) Disponibilização intempestiva dos itens (após o pico de necessidade) | D24: Rara | E24: Muito relevante | F24: Alto
B25: 8) Prazo de entrega do objeto - Q 18 | C25: 8.1) Ausência de entrega dos itens contratados | D25: Rara | E25: Muito relevante | F25: Alto | H25: Prever no instrumento convocatório garantias ou cautelas por parte da administração, resguardando o recebimento do objeto, e previsão de aplciação de sanções administrativas para o caso do seu eventual descumprimento. | I25: Notificar a contratada quanto às irregularidades identificadas, fixando prazo para que o fornecedor promova a reparação, correção, substituição ou entrega imediata do equipamento, sem prejuízo a eventuais responsabilizações tendo como referência as sanções previstas no Termo de Referência
C26: 8.2) Atraso do fornecedor na entrega da demanda | D26: Eventual | E26: Relevante | F26: Alto
C27: 8.3) Indisponibilidade do item quando da entrega | D27: Rara | E27: Muito relevante | F27: Alto
B28: 9) Acompanhamento da entrega de materiais - Q 20 | C28: 9.1) Entrega dos equipamentos fora das especificações definidas | D28: Eventual | E28: Pouco relevante | F28: Médio | H28: Definir estratégia de recebimento e conferência dos equipamentos.
C29: 9.2) Entrega dos equipamentos em quantitativos inferiores ao demandado | D29: Rara | E29: Relevante | F29: Médio
C30: 9.3) Ausência de estrutura logística para realizar o acompanhamento das entregas | D30: Rara | E30: Pouco relevante | F30: Baixo | H30: Definição prévia dos responsáveis pelo recebimento e conferência dos equipamentos, bem como preparação do espaço para estoque da entrega | I30: Adoção de medidas por parte do gestor e fiscal do contrato, tendo conhecimento de irregularidades, não se abster de comunicar à chefia imediata para a adoção de providências

Sheet Escala de Probabildiades
A1: Frequência | B1: Significado | C1: Expressão
A2: Raríssima | B2: Evento extraordinário para os padrões conhecidos da gestão e operação do processo de contratação. Embora possa assumir dimensão estratégica para a manutenção do processo, não há histórico disponível para sua ocorrência. | C2: 0.1
A3: Rara | B3: Evento casual, inesperado. Muito embora raro, há histórico de ocorrência conhecido por parte dos gestores e operadores do processo de contratação. | C3: 0.35
A4: Eventual | B4: Evento usual, corriqueiro. Devido à sua ocorrência habitual, seu histórico é amplamente conhecido por parte dos gestores e operadores do processo de contratação. | C4: 0.7
A5: Frequente | B5: Evento se reproduz muitas vezes, se repete seguidamente, de maneira assídua, numerosa e não raro de modo acelerado. Interfere de modo claro no ritmo das atividades, sendo evidente, mesmo para os que conhecem pouco o processo de contratação. | C5: 1

Sheet Escala de Consequências
A1: Impacto | B1: Significado | C1: Expressão
A2: Irrelevante | B2: Degradação na operação do processo de contratação, porém causando impactos mínimos para o órgão/entidade (em termos financeiros, danos à imagem, afetação da qualidade do processo de contratação). | C2: 10
A3: Pouco relevante | B3: Degradação na operação do processo de contratação, causando pequenos impactos no órgão/entidade. | C3: 20
A4: Relevante | B4: Interrupção do processo de contratação, causando impactos significativos para o órgão e entidade, porém passível de recuperação. | C4: 50
A5: Muito relevante | B5: Interrupção do processo, causando impactos irreversíveis para o órgão/entidade. | C5: 100

Sheet Nível de Risco - PxQ
A1: Consequência | B1: Avaliação do Risco
A2: Muito Relevante | B2: Médio | C2: Alto | D2: Extremo | E2: Extremo
A3: Relevante | B3: Baixo | C3: Médio | D3: Alto | E3: Extremo
A4: Pouco relevante | B4: Insignificante | C4: Baixo | D4: Médio | E4: Alto
A5: Irrelevante | B5: Insignificante | C5: Insignificante | D5: Baixo | E5: Médio
B6: Raríssima | C6: Rara | D6: Eventual | E6: Frequente
B7: Probabilidade
A10: Consequência | B10: Avaliação do Risco
A11: Muito Relevante | B11: ='Escala de Probabildiades'!$C$2*'Escala de Consequências'!C5 -> 10 | C11: ='Escala de Probabildiades'!$C$3*'Escala de Consequências'!C5 -> 35 | D11: ='Escala de Probabildiades'!$C$4*'Escala de Consequências'!C5 -> 70 | E11: ='Escala de Probabildiades'!$C$5*'Escala de Consequências'!C5 -> 100
A12: Relevante | B12: ='Escala de Probabildiades'!$C$2*'Escala de Consequências'!C4 -> 5 | C12: ='Escala de Probabildiades'!$C$3*'Escala de Consequências'!C4 -> 17.5 | D12: ='Escala de Probabildiades'!$C$4*'Escala de Consequências'!C4 -> 35 | E12: ='Escala de Probabildiades'!$C$5*'Escala de Consequências'!C4 -> 50
A13: Pouco relevante | B13: ='Escala de Probabildiades'!$C$2*'Escala de Consequências'!C3 -> 2 | C13: ='Escala de Probabildiades'!$C$3*'Escala de Consequências'!C3 -> 7 | D13: ='Escala de Probabildiades'!$C$4*'Escala de Consequências'!C3 -> 14 | E13: ='Escala de Probabildiades'!$C$5*'Escala de Consequências'!C3 -> 20
A14: Irrelevante | B14: ='Escala de Probabildiades'!$C$2*'Escala de Consequências'!C2 -> 1 | C14: ='Escala de Probabildiades'!C3*'Escala de Consequências'!C2 -> 3.5 | D14: ='Escala de Probabildiades'!$C$4*'Escala de Consequências'!C2 -> 7 | E14: ='Escala de Probabildiades'!C5*'Escala de Consequências'!C2 -> 10
B15: Raríssima | C15: Rara | D15: Eventual | E15: Frequente
B16: Probabilidade

Sheet Gráfico Comparativo
A1: NÍVEL DE RISCO | B1: NÚMERO DE RISCOS | C1: PERCENTUAL
A2: Insignificante | B2: =COUNTIF('Gestão de Risco'!$H$3:$H$49,"Insignificante") -> 0 | C2: =B2/B7 -> 0
A3: Baixo | B3: =COUNTIF('Gestão de Risco'!$H$3:$H$49,"Baixo") -> 1 | C3: =B3/B7 -> 0.16666667
A4: Médio | B4: =COUNTIF('Gestão de Risco'!$H$3:$H$49,"Médio") -> 3 | C4: =B4/B7 -> 0.5
A5: Alto | B5: =COUNTIF('Gestão de Risco'!$H$3:$H$49,"Alto") -> 2 | C5: =B5/B7 -> 0.33333333
A6: Extremo | B6: =COUNTIF('Gestão de Risco'!$H$3:$H$49,"Extremo") -> 0 | C6: =B6/B7 -> 0
A7: TOTAL | B7: =SUM(B2:B6) -> 6 | C7: =SUM(C2:C6) -> 1
